 Dungeon Crawl Stone Soup version 0.31-b1-22-gc680215f68 (webtiles) character file.

Game seed: 9571599367941371306

4586 Destapler the Grappler (level 10, -1/153 HPs)
             Began as a Troll Berserker on Jan 18, 2024.
             Was an Elder of Trog.
             Slain by an orc warrior
             ... wielding a +0 broad axe
              (8 damage)
             ... in a bailey.
             The game lasted 00:29:05 (6324 turns).

Destapler the Grappler (Troll Berserker)            Turns: 6324, Time: 00:29:06

Health: -1/153     AC:  6    Str: 31    XL:     10   Next: 18%
Magic:  9/9        EV: 10    Int:  3    God:    Trog [****..]
Gold:   224        SH:  0    Dex:  9    Spells: 9/9 levels left

rFire   . . .        z - +2 giant club (spect)
rCold   . . .        (shield currently unavailable)
rNeg    . . .        a - +0 animal skin
rPois   .            (helmet restricted)
rElec   .            j - +1 cloak
rCorr   .            (gloves unavailable)
SInv    +            (boots unavailable)
Will    .....        (no amulet) Stlth
                     e - +4 ring of slaying
HPRegen 1.25/turn    g - ring of see invisible
MPRegen 0.11/turn

%: no passive effects
@: berserking (expiring), very quick
A: large, unfitting armour, claws 3, regeneration 1, shaggy fur 1, tough skin 1
a: Renounce Religion, Berserk, Trog's Hand, Brothers in Arms


You were in a bailey.
You worshipped Trog.
Trog was greatly pleased with you.
You visited 1 branch of the dungeon, and saw 8 of its levels.
You also visited: Ossuary and Bailey.

You collected 400 gold pieces.
You spent 176 gold pieces at shops.

Inventory:

Hand Weapons
 u - a +3 whip of flaming
 y - a +3 flail
 z - a +2 spectral giant club (weapon)
Armour
 a - a +0 animal skin (worn)
 j - a +1 cloak (worn)
Jewellery
 e - a +4 ring of slaying (left claw)
 g - a ring of see invisible (right claw)
Talismans
 c - a dragon-blood talisman
 t - a blade talisman
 w - a serpent talisman
Wands
 f - a wand of polymorph (11)
 v - a wand of digging (4)
 x - a wand of charming (23)
 E - a wand of flame (20)
Scrolls
 d - 3 scrolls of teleportation
 k - 2 scrolls of summoning
 s - a scroll of poison
Potions
 b - 10 potions of curing
 h - a potion of berserk rage
 i - a potion of attraction
 l - a potion of magic
 m - a potion of ambrosia
 n - 3 potions of enlightenment
 o - a potion of heal wounds
 p - a potion of mutation
 q - 3 potions of haste
 r - a potion of lignification
 C - a potion of might
 D - a potion of invisibility


   Skills:
 + Level 7.4 Fighting
 * Level 5.3 Maces & Flails
 - Level 3.0 Armour
 - Level 3.0 Dodging
 - Level 8.0 Unarmed Combat
 + Level 2.9 Evocations
 + Level 4.2 Shapeshifting


You had 9 spell levels left.
You didn't know any spells.
Your spell library contained the following spells:

 Spells                   Type           Power      Damage    Failure   Level
 Magic Dart               Conj           0%         1d3       52%         1
 Blink                    Tloc           0%         N/A       67%         2
 Call Imp                 Summ           0%         N/A       67%         2


Dungeon Overview and Level Annotations

Branches:
Dungeon (8/15)             Temple (0/1) D:6         Ossuary (visited)
 Bailey (1/1)
   Lair: D:8-11

Altars:
Ashenzari
Dithmenos
Elyvilon
Nemelex Xobeh
Okawaru
Ru
Sif Muna
Trog
Wu Jian
Yredelemnul
The Shining One

Shops:
D:5 !


Innate Abilities, Weirdness & Mutations

You are too large for most types of armour.
You have claws for hands.
Your natural rate of healing is unusually fast.
You are covered in fur. (AC +1)
You have tough skin. (AC +1)


Message History

The orc warrior hits you with a +0 broad axe!
* * * LOW HITPOINT WARNING * * *
The orc warrior hits you with a +0 war axe.
* * * LOW HITPOINT WARNING * * *
The ynoxinul gestures.
You beat the orc high priest like a drum!!!
You kill the orc high priest!
Trog accepts your kill.
The ynoxinul disappears in a puff of smoke!
The ufetubus disappears in a puff of smoke! x7
The ynoxinul disappears in a puff of smoke!
The sixfirhy disappears in a puff of smoke!
The orc warrior barely misses you.
The orc warrior hits you with a +0 war axe!
* * * LOW HITPOINT WARNING * * *
Your Maces & Flails skill increases to level 5!
You miss the orc warrior.
The orc warrior is severely wounded.
Your +2 spectral giant club hits the orc warrior!
You kill the orc warrior!
Trog accepts your kill.
The orc warrior hits you with a +0 broad axe!
* * * LOW HITPOINT WARNING * * *
You completely miss the orc warrior.
Your +2 spectral giant club closely misses the orc warrior.
The orc warrior hits you with a +0 broad axe!
* * * LOW HITPOINT WARNING * * *
The orc warrior misses your +2 spectral giant club.
Unknown command.
You closely miss the orc warrior.
Your +2 spectral giant club barely misses the orc warrior.
The orc warrior hits you with a +0 broad axe.
* * * LOW HITPOINT WARNING * * *
The orc warrior closely misses your +2 spectral giant club.
Unknown command.
You bludgeon the orc warrior!!
The orc warrior is almost dead.
Your +2 spectral giant club closely misses the orc warrior.
The orc warrior hits you with a +0 broad axe!
You die...

≈≈≈≈≈###..######.######..###≈≈≈≈≈
≈≈≈≈≈#..).#[[.#...#...#....#≈≈≈≈≈
≈≈≈≈≈#....#[[.#.).#...#....#≈≈≈≈≈
≈≈≈≈≈#'#'##+###8.8###+##)#'#≈≈≈≈≈
≈≈≈≈≈†.#..# #...# #))#.~≈≈≈≈≈
≈≈≈≈≈~.#..# #8.8# #..#.~≈≈≈≈≈
≈≈≈≈≈~.#..# #...# #..#.~≈≈≈≈≈
≈≈≈≈≈~.#..# #..)# #..#.~≈≈≈≈≈
≈≈≈≈≈~.#))# ##@## #..#.~≈≈≈≈≈
≈≈≈≈≈~.##)#....))o....#'##.~≈≈≈≈≈
≈≈≈≈≈~.#..#....._(....#..#.~≈≈≈≈≈
≈≈≈≈≈~.#.8#...........#8)#.~≈≈≈≈≈
≈≈≈≈≈~.#..#...........#..#.~≈≈≈≈≈
≈≈≈≈≈~.#.8#############8.#.~≈≈≈≈≈
≈≈≈≈≈~.#.....#######.....#)~≈≈≈≈≈
≈≈≈≈≈~.#.8...#.....#...8.#))≈≈≈≈≈
≈≈≈≈≈).#...).#.....#.....#.~≈≈≈≈≈


You could see an orc warrior and a friendly +2 spectral giant club.

Vanquished Creatures
  An orc high priest (Bailey)
  Pikel (D:5)
  A kobold demonologist (Bailey)
  Grinder (D:5)
  Prince Ribbit (D:5)
  2 water moccasins (D:6)
  12 orc warriors (Bailey)
  An ice beast (D:6)
  3 lemures (D:5)
  A centaur (D:7)
  2 phantoms
  2 bullfrogs
  2 weeping skulls (Ossuary)
  A gnoll sergeant (D:6)
  2 scorpions
  3 electric eels (Bailey)
  A bombardier beetle (D:4)
  2 hounds (D:5)
  An orc priest (D:7)
  A human zombie (Ossuary)
  4 jellies
  Crazy Yiuf (D:6)
  2 iguanas
  2 orc wizards (D:6)
  4 mummies (Ossuary)
  6 gnolls
  13 adders
  A dart slug (D:1)
  2 ribbon worms (D:2)
  16 orcs
  9 ball pythons
  2 endoplasms
  6 giant cockroaches
  2 gnoll zombies (Ossuary)
  8 goblins
  14 hobgoblins
  6 jackals
  2 quokkas
  6 bats
  3 frilled lizards
  6 kobolds
  A kobold zombie (Ossuary)
  4 orc zombies (Ossuary)
  5 rats (D:1)
166 creatures vanquished.

Notes
Turn   | Place    | Note
-------+----------+-------------------------------------------
     0 | D:1      | Destapler the Troll Berserker began the quest for the Orb.
     0 | D:1      | Reached XP level 1. HP: 22/22 MP: 0/0
   232 | D:1      | Reached XP level 2. HP: 29/29 MP: 1/1
   411 | D:1      | You fall into a shaft and drop 1 floor!
   758 | D:1      | Reached XP level 3. HP: 34/36 MP: 2/2
   835 | D:2      | Reached ** piety under Trog
  1407 | D:2      | Reached skill level 1 in Shapeshifting
  1657 | D:3      | Reached XP level 4. HP: 44/44 MP: 3/3
  2293 | D:3      | Reached skill level 4 in Unarmed Combat
  2518 | D:4      | Found a broken altar of Ashenzari.
  2662 | D:4      | Noticed a scorpion
  2667 | D:4      | Killed a scorpion
  2668 | D:4      | Reached XP level 5. HP: 53/53 MP: 4/4
  2814 | D:4      | Reached skill level 1 in Armour
  3317 | D:4      | Reached XP level 6. HP: 60/61 MP: 5/5
  3355 | D:5      | Entered Level 5 of the Dungeon
  3392 | D:5      | Noticed Prince Ribbit
  3445 | D:5      | Noticed Grinder
  3455 | D:5      | Killed Grinder
  3456 | D:5      | Reached skill level 5 in Unarmed Combat
  3500 | D:5      | Reached XP level 7. HP: 70/70 MP: 6/6
  3529 | D:5      | Found Kudgh's Distillery.
  3537 | D:5      | Bought a potion of curing for 33 gold pieces
  3537 | D:5      | Bought a potion of degeneration for 11 gold pieces
  3658 | D:5      | Found a shadowy altar of Dithmenos.
  3673 | D:5      | Found a basalt altar of Yredelemnul.
  3718 | D:5      | Killed Prince Ribbit
  3765 | D:5      | Noticed Pikel
  3781 | D:5      | Killed Pikel
  3782 | D:5      | Reached skill level 5 in Fighting
  3782 | D:5      | Reached skill level 6 in Unarmed Combat
  3782 | D:5      | Reached XP level 8. HP: 81/81 MP: 7/7
  3863 | D:5      | Identified the +3 ring mail of the Harvest {Harm Str+4}
  3885 | D:5      | Found a sacrificial altar of Ru.
  4098 | D:6      | Reached skill level 7 in Unarmed Combat
  4121 | D:6      | Found a staircase to the Ecumenical Temple.
  4193 | D:6      | Reached *** piety under Trog
  4262 | D:6      | Found a sand-covered staircase.
  4272 | Ossuary  | Entered an ossuary
  4529 | D:6      | Reached skill level 8 in Unarmed Combat
  4574 | D:6      | Found a glowing golden altar of the Shining One.
  4639 | D:6      | Reached XP level 9. HP: 65/92 MP: 8/8
  4673 | D:6      | Found a shimmering blue altar of Sif Muna.
  4690 | D:6      | Reached skill level 1 in Maces & Flails
  4692 | D:5      | Found a sparkling altar of Nemelex Xobeh.
  4692 | D:5      | Found an iron altar of Okawaru.
  4695 | D:5      | Found a bloodstained altar of Trog.
  4867 | D:6      | Found a runed translucent door.
  4868 | D:6      | Noticed Crazy Yiuf
  4932 | D:6      | Killed Crazy Yiuf
  5056 | D:7      | Found a white marble altar of Elyvilon.
  5090 | D:7      | Reached skill level 1 in Evocations
  5445 | D:7      | Found an ornate altar of the Wu Jian Council.
  5684 | D:5      | Bought a potion of might for 44 gold pieces
  5684 | D:5      | Bought a potion of invisibility for 88 gold pieces
  5737 | D:8      | Identified a scroll of acquirement
  5737 | D:8      | Acquired a ring of see invisible
  5788 | D:8      | Found a flagged portal.
  5796 | Bailey   | Entered a bailey
  5831 | Bailey   | Reached **** piety under Trog
  5900 | Bailey   | Noticed a kobold demonologist
  5906 | Bailey   | Noticed an orange demon
  5911 | Bailey   | Killed a kobold demonologist
  6185 | Bailey   | Acquired a +2 spectral giant club
  6305 | Bailey   | Found an iron altar of Okawaru.
  6305 | Bailey   | Noticed an orc high priest
  6306 | Bailey   | Noticed a hellwing
  6309 | Bailey   | Noticed a sun demon
  6312 | Bailey   | Reached XP level 10. HP: 102/102 MP: 9/9
  6320 | Bailey   | Noticed a sixfirhy
  6320 | Bailey   | Killed an orc high priest
  6321 | Bailey   | Reached skill level 5 in Maces & Flails
  6323 | Bailey   | HP: 6/153 [orc warrior/+0 broad axe (6)]
  6324 | Bailey   | Slain by an orc warrior

Illustrated notes

Levels and vault maps discovered:
D:1:      dpeg_arrival_chambers_temple_mockup, layout_rooms
D:2:      layout_basic
D:3:      layout_loops_corners
D:4:      layout_basic, ashenzari_altar_1
D:5:      layout_rooms, nicolae_overflow_crystal_walls,
          mainiacjoe_overflow_catwalk, mainiacjoe_overflow_small_starburst,
          nicolae_overflow_hidden_temple, serial_shops,
          nicolae_shop_tiny_real_fake_doors, uniq_prince_ribbit1, uniq_pikel,
          uniq_grinder
D:6:      layout_gridville, lemuel_doored_altar,
          mainiacjoe_overflow_surrounded_room, minmay_temple_entry_mini_moons,
          nicolae_ossuary_entry_ruins, abandoned_shop, uniq_crazy_yiuf_cottage
D:7:      layout_rooms, nicolae_wu_jian_immortal_techniques,
          mainiacjoe_overflow_chevrons, lemuel_flame_loot_1
D:8:      lemuel_ratsnest, layout_rooms, erik_lair_dragon, enter_bailey_2
Bailey:   bailey_axe_of_yendor_kennysheep, bailey

Skill      XL: |  1  2  3  4  5  6  7  8  9 10 |
---------------+-------------------------------+-----
Shapeshifting  | 1 2 4 |  4.2
Fighting       | 3 4 5 6 7 |  7.4
Dodging        | 3 |  3.0
Unarmed Combat | 4 5 6 8 |  8.0
Armour         | 1 2 3 |  3.0
Maces & Flails | 4 5 |  5.3
Evocations     | 2 |  2.9

Action                     |  1- 3 |  4- 6 |  7- 9 | 10-12 || total
---------------------------+-------+-------+-------+-------++-------
  Melee: Unarmed           |   106 |    81 |   258 |       ||   445
         Punch             |       |       |     8 |       ||     8
         Giant club        |       |       |    14 |    12 ||    26
 Invoke: Berserk           |       |     1 |     6 |       ||     7
         Trog's Hand       |       |     1 |     2 |       ||     3
  Evoke: Wand              |       |       |     2 |       ||     2
    Use: Scroll            |       |       |    20 |       ||    20
         Potion            |       |       |     2 |       ||     2
 Armour: Animal skin       |    72 |    41 |   175 |    11 ||   299
  Dodge: Dodged            |    61 |    40 |   111 |     8 ||   220
